Map: Pillars of Gold LE

Players

Astrea - Winner!

  • Race: Protoss Protoss
  • League: Master
  • Spawn Location: 1:00

LiquidMaNa (MaNa)

  • Race: Protoss Protoss
  • League: Master
  • Spawn Location: 7:00

Event: Cheeseadelphia Winter Championship 2021

VOD

Have the link to the VOD?

Description

Time

  • Played on: Jan. 23, 2021, 6:29 p.m.
  • Length: 6:04

All games in this series

Show
View Real Time Build Order
Export as new Build Order

Astrea Protoss - Winner!

Build Orders:  

Get SALT Encoding   

  12  0:00  Probe  
  13  0:12  Probe  
  14  0:19  Pylon  
  14  0:24  Probe (Chrono Boost)  
  15  0:38  Probe (Chrono Boost)  
  15  0:39  Gateway  
  16  0:45  Probe (Chrono Boost)  
  17  0:52  Probe  
  17  0:54  Assimilator  
  18  1:04  Probe  
  18  1:10  Pylon  
  18  1:11  Assimilator  
  19  1:16  Probe  
  20  1:26  Cybernetics Core  
  20  1:28  Probe  
  20  1:32  Zealot  
  23  1:41  Probe  
  24  1:53  Probe  
  25  1:59  Adept (Chrono Boost)  
  25  2:05  Warp Gate, Probe  
  28  2:17  Probe  
  28  2:22  Adept  
  31  2:29  Gateway  
  31  2:35  Pylon x2  
  31  2:54  Nexus  
  31  2:55  Sentry  
  33  2:58  Probe  
  33  3:10  Probe  
  34  3:20  Gateway  
  34  3:21  Gateway  
  34  3:24  Probe  
  33  3:36  Probe  
  35  3:48  Probe  
  35  3:51  Twilight Council  
  35  3:54  Stalker  
  37  3:57  Shield Battery  
  37  4:00  Probe (Chrono Boost)  
  38  4:03  Pylon  
  38  4:07  Probe (Chrono Boost)  
  39  4:12  Probe (Chrono Boost)  
  41  4:22  Stalker  
  41  4:23  Stalker  
  43  4:27  Stalker  
  45  4:34  Shield Battery  
  45  4:45  Dark Shrine  
  45  4:46  Stalker  
  45  4:47  Sentry  
  45  4:52  Cybernetics Core  
  49  5:00  Stalker  
  51  5:09  Gateway  
  51  5:15  Stalker  
  49  5:25  Stalker  
  50  5:31  Gateway  
  49  5:36  Probe x2  
  49  5:40  Stalker  
  52  5:46  Stalker  
  52  5:48  Probe x2  
Show
View Real Time Build Order
Export as new Build Order

LiquidMaNa Protoss 

Build Orders: Phoenix Opening 

Get SALT Encoding   

  12  0:00  Probe  
  13  0:12  Probe  
  14  0:19  Pylon  
  14  0:24  Probe  
  15  0:38  Probe (Chrono Boost)  
  15  0:39  Gateway  
  16  0:46  Probe (Chrono Boost)  
  16  0:49  Assimilator  
  17  0:52  Probe (Chrono Boost)  
  19  1:04  Probe (Chrono Boost)  
  19  1:05  Assimilator  
  19  1:07  Pylon  
  19  1:13  Probe (Chrono Boost)  
  20  1:18  Probe  
  21  1:28  Cybernetics Core  
  21  1:30  Probe  
  22  1:38  Zealot  
  24  1:42  Probe  
  25  1:49  Pylon  
  25  1:54  Probe  
  26  2:05  Stargate  
  26  2:11  Warp Gate  
  26  2:13  Pylon  
  26  2:17  Stalker  
  26  2:20  Probe  
  29  2:27  Pylon  
  28  2:47  Stalker  
  28  2:48  Phoenix (Chrono Boost)  
  28  2:49  Probe  
  33  3:02  Probe  
  33  3:06  Phoenix (Chrono Boost)  
  33  3:15  Gateway  
  33  3:18  Gateway  
  34  3:20  Probe  
  34  3:30  Phoenix (Chrono Boost)  
  36  3:45  Pylon  
  36  3:48  Phoenix (Chrono Boost)  
  38  4:05  Stalker, Pylon  
  40  4:11  Stalker  
  40  4:15  Stalker  
  44  4:26  Phoenix  
  46  4:42  Adept x2  
  46  4:44  Adept  
  50  4:55  Phoenix  
  52  5:05  Pylon  
  48  5:23  Stalker  
  48  5:24  Stalker  
  48  5:25  Stalker  
  46  5:55  Robotics Facility  
Tags
 
Add a new tag
Caveats
  • Supply blocks, unpowered buildings, or Contaminate may cause inaccurate times.
  • Supply counts are checked every 10 seconds.